 Dungeon Crawl Stone Soup version 0.29.1-14-g9c671dbff4 (webtiles) character file.

Game seed: 18001665901793765344

1584 leafyfresh the Covert (level 8, -3/50 (55) HPs)
             Began as an Octopode Delver on Feb 20, 2023.
             Slain by a red devil
             ... wielding a +1 demon trident of draining
             ... summoned by a kobold demonologist
              (20 damage)
             ... on level 6 of the Dungeon.
             The game lasted 00:11:48 (8857 turns).

leafyfresh the Covert (Octopode Delver)             Turns: 8857, Time: 00:11:48

HP:   -3/50 (55)    AC:  5    Str: 11    XL:     8   Next: 92%
MP:   7/13          EV: 14    Int: 14    God:
Gold: 348           SH:  0    Dex: 14    Spells: 10/13 levels left

rFire   . . .      SeeInvis .   r - +2 dagger (freeze)
rCold   . . .      Faith    +   (no shield)
rNeg    . . .      Spirit   .   (helmet restricted)
rPois   .          Reflect  .   l - amulet of faith
rElec   .          Harm     .   x - +4 ring of protection
rCorr   .          Rampage  .   (no ring)
Will    .....                   (no ring)
Stlth   ++++++....              (no ring)
HPRegen 0.16/turn               (no ring)
MPRegen 0.13/turn               (no ring)
                                (no ring)
                                (no ring)

@: swift, about to teleport, spiked, very slightly contaminated, drained, quick
A: almost no armour, amphibious, 8 rings, camouflage 1, gelatinous body 1,
(nimble swimmer 1), tentacles
a: no special abilities


You were on level 6 of the Dungeon.
You visited 1 branch of the dungeon, and saw 6 of its levels.

You collected 374 gold pieces.
You spent 26 gold pieces at shops.

Inventory:

Hand Weapons
 a - a +0 short sword
 r - a +2 dagger of freezing (weapon)
Missiles
 u - 4 datura-tipped darts (quivered)
Jewellery
 l - an amulet of faith (around mantle)
 x - a +4 ring of protection (left tentacle)
Wands
 f - a wand of digging (3)
Scrolls
 b - 5 scrolls of fog
 c - 2 scrolls of magic mapping
 g - a scroll of blinking
 i - a scroll of enchant armour
 j - 3 scrolls of noise
 m - 3 scrolls of teleportation
 n - 2 scrolls of amnesia
 s - a scroll of vulnerability
 t - 3 scrolls of immolation {unknown}
 v - 2 scrolls of poison {unknown}
 y - a scroll of acquirement {unknown}
 z - 3 scrolls of identify
Potions
 d - 2 potions of might {unknown}
 e - 2 potions of haste
 h - 3 potions of heal wounds {unknown}
 k - a potion of brilliance {unknown}
 o - a potion of attraction {unknown}
 p - a potion of flight {unknown}
 q - 3 potions of curing {unknown}
 w - a potion of invisibility {unknown}
 A - a potion of degeneration {unknown}


   Skills:
 - Level 5.0 Fighting
 - Level 2.0 Short Blades
 - Level 4.4 Dodging
 - Level 10.6 Stealth
 - Level 3.4 Spellcasting
 + Level 5.6 Air Magic


You had 10 spell levels left.
You knew the following spells:

 Your Spells              Type           Power      Damage    Failure   Level
a - Swiftness             Air            18%        N/A       6%          3

Your spell library contained the following spells:

 Spells                   Type           Power      Damage    Failure   Level
 Shock                    Conj/Air       40%        1d5       6%          1
 Poisonous Vapours        Pois/Air       20%        N/A       10%         2
 Airstrike                Air            9%         2d(2-18)  21%         4
 Corpse Rot               Necr/Pois/Air  7%         N/A       67%         4
 Chain Lightning          Conj/Air       5%         3d6       100%        9
 Fire Storm               Conj/Fire      1%         7d1       100%        9
 Shatter                  Erth           1%         3d5*      100%        9


Dungeon Overview and Level Annotations

Branches:
Dungeon (6/15)
 Temple: D:4-7

Altars:
Elyvilon
Makhleb
Okawaru
Trog
Vehumet

Shops:
D:2 ?   D:6 ?

Annotations:
D:4 2 transporters, Natasha
D:6 4 runed translucent doors


Innate Abilities, Weirdness & Mutations

You cannot wear most types of armour.
You are amphibious.
You can wear up to eight rings at the same time.
Your skin changes colour to match your surroundings (Stealth+).
Your rubbery body absorbs attacks. (AC +1, EV +1)
((You are camouflaged when in or above water. (Stealth+)))
You have tentacles for arms and can constrict up to eight enemies at once.


Message History

You are too injured to fight recklessly!
You are too injured to fight recklessly!
Unknown command.
You hit the phantom but do no damage. You squeeze the phantom.
You destroy the phantom!
Key pressed, stopping explore.
No target in view!
A kobold demonologist is nearby!
The kobold demonologist shouts!
The kobold demonologist gestures wildly while chanting.
There are monsters nearby!
There are monsters nearby!
The kobold demonologist casts a spell.
The red devil hits you with a +1 demon trident of draining!
Barbed spikes become lodged in your body.
You feel drained.
Unknown command.
Casting: Swiftness (dangerous; 6% risk of failure)
Confirm with . or Enter, or press ? or * to list all spells.
You miscast Swiftness.
You are very lightly contaminated with residual magic.
Sparks of electricity dance around you.
The red devil hits you with a +1 demon trident of draining.
Barbed spikes become lodged in your body.
You feel drained.
Casting: Swiftness (dangerous; 6% risk of failure)
Confirm with . or Enter, or press ? or * to list all spells.
You feel quick.
The red devil hits you with a +1 demon trident of draining.
Barbed spikes become lodged in your body.
You feel drained.
Unknown command.
The barbs in your skin will harm you if you move.
Continue? [Y]es or [N]o only, please.
The barbs in your skin will harm you if you move.
Continue?
Okay, then.
As you read the scroll of teleportation, it crumbles to dust.
You feel strangely unstable.
The red devil hits you with a +1 demon trident of draining!!
You die...

##.# #.# #.#########
#.#.......# #.#..)....#
###.#.......#
#...#.......#
##...........#
#######..######.@K.### ###
........##J...##44.......#
#####.#.# ##.#...#####.##
#.#.# #.##..........# #
#ยง# ##)'.##++##...# #.#
#####8O.8##..# ..#
#8....8#4.# # #..
#.....[#F.# # #..
#).....#..#


You could see a two-headed ogre (wandering), a kobold demonologist, a chaos
spawn (summoned) and a red devil (summoned).

Vanquished Creatures
  2 water moccasins (D:5)
  A sky beast (D:6)
  2 ogres
  An ice beast (D:6)
  A phantom (D:6)
  A necrophage (D:6)
  3 scorpions
  2 howler monkeys
  3 hounds
  3 jellies
  2 orc priests
  Natasha (D:4)
  3 iguanas (D:5)
  6 orc wizards (D:5)
  2 adders
  4 white imps
  An ufetubus (D:6)
  2 worms (D:2)
  3 dart slugs
  17 orcs
  4 bats
  5 endoplasms
  3 giant cockroaches
  4 goblins
  6 hobgoblins
  8 jackals
  A kobold (D:1)
  5 quokkas
  5 ball pythons
  2 frilled lizards
  10 rats
113 creatures vanquished.

Vanquished Creatures (others)
  An orc (D:6)
1 creature vanquished.

Grand Total: 114 creatures vanquished

Notes
Turn   | Place    | Note
-------+----------+-------------------------------------------
     0 | D:5      | leafyfresh the Octopode Delver began the quest for the Orb.
     0 | D:5      | Reached XP level 1. HP: 16/16 MP: 1/1
    10 | D:5      | Found a burning altar of Makhleb.
    10 | D:5      | Noticed a howler monkey
    18 | D:5      | Killed a howler monkey
    19 | D:5      | Reached skill level 8 in Stealth
    19 | D:5      | Reached XP level 2. HP: 14/21 MP: 2/2
    19 | D:5      | Reached XP level 3. HP: 17/26 MP: 3/3
    53 | D:5      | Noticed a phantom
   595 | D:3      | Reached XP level 4. HP: 31/31 MP: 4/4
  1215 | D:2      | Found Vuxtif's Magic Scroll Boutique.
  1238 | D:2      | Bought a scroll of identify for 26 gold pieces
  1390 | D:2      | Found an iron altar of Okawaru.
  1548 | D:2      | Reached skill level 9 in Stealth
  1913 | D:1      | Found a faded altar of an unknown god.
  2968 | D:3      | Noticed an ogre
  3837 | D:4      | Reached XP level 5. HP: 34/36 MP: 5/5
  3958 | D:4      | Noticed an ogre
  3965 | D:4      | Killed an ogre
  3966 | D:4      | Reached skill level 1 in Spellcasting
  3966 | D:4      | Reached XP level 6. HP: 42/42 MP: 5/7
  4002 | D:4      | Noticed Natasha
  4009 | D:4      | Killed Natasha
  4065 | D:4      | Found a transporter.
  4135 | D:4      | Found a radiant altar of Vehumet.
  4136 | D:4      | Found a bloodstained altar of Trog.
  4238 | D:4      | Found a transporter.
  4767 | D:5      | HP: 2/43 [something/puff of flame (7)]
  5016 | D:4      | Noticed Natasha
  5669 | D:5      | Noticed a water moccasin
  5678 | D:5      | Killed a water moccasin
  5679 | D:5      | Reached skill level 10 in Stealth
  5679 | D:5      | Reached XP level 7. HP: 42/48 MP: 8/10
  6026 | D:5      | Reached XP level 8. HP: 17/54 MP: 12/12
  6839 | D:5      | Reached skill level 5 in Fighting
  7077 | D:5      | Learned a level 3 spell: Swiftness
  7120 | D:5      | Reached skill level 1 in Air Magic
  7752 | D:6      | Found Habb's Magic Scroll Emporium.
  8132 | D:6      | Found a white marble altar of Elyvilon.
  8400 | D:6      | Found a large runed translucent door.
  8400 | D:6      | Found a large runed translucent door.
  8400 | D:6      | Noticed a two-headed ogre
  8413 | D:6      | Noticed a kobold demonologist
  8419 | D:6      | Found a large runed translucent door.
  8419 | D:6      | Found a large runed translucent door.
  8443 | D:6      | Noticed a red devil
  8628 | D:6      | Reached skill level 5 in Air Magic
  8853 | D:6      | Noticed a red devil
  8857 | D:6      | Slain by a red devil

Illustrated notes

Levels and vault maps discovered:
D:1:      minmay_arrival_checkered_box, layout_basic,
          shapermc_ecumenical_altar_flowoftime, grunt_decor_junction
D:2:      layout_rooms, serial_shops, shop, basic_altar,
          corexii_leaking_fountain, minmay_puff
D:3:      layout_basic
D:4:      gammafunk_steamed_eel, layout_rooms, nicolae_overflow_squiral,
          minmay_misc_feat_rugged, st_stairs_10, uniq_natasha
D:5:      layout_basic, amcnicky_altar_gilded, minmay_diced_spiral
D:6:      layout_rooms, elyvilon_altar_3, gammafunk_temple_overflow_statue,
          serial_shops, nicolae_shop_competitors_out_of_business,
          minmay_hollow_rounded_squares

Skill      XL: |  1  2  3  4  5  6  7  8 |
---------------+-------------------------+-----
Stealth        | 8 9 10 | 10.6
Spellcasting   | 1 2 3 |  3.4
Dodging        | 3 4 |  4.4
Fighting       | 4 5 |  5.0
Air Magic      | 5 |  5.6
Short Blades   | |  2.0

Action                   |  1- 3 |  4- 6 |  7- 9 || total
-------------------------+-------+-------+-------++-------
Melee: Short sword       |    21 |    31 |       ||    52
       Constrict         |     6 |    15 |    27 ||    48
       Tentacles         |     3 |    13 |    33 ||    49
       Punch             |     3 |     1 |     3 ||     7
       Dagger            |       |    80 |   148 ||   228
 Cast: Swiftness         |       |       |     4 ||     4
  Use: Scroll            |       |     8 |     2 ||    10
 Stab: Sleeping          |     2 |    35 |     7 ||    44
       Distracted        |       |     1 |     1 ||     2
Armor: Skin              |     1 |    16 |    27 ||    44
Dodge: Dodged            |    12 |    31 |    71 ||   114
